 Dungeon Sprint DCSS version 0.29.1-15-g9cfb28693d (webtiles) character file.

Game seed: 6956918699732794501

10422 boopmooplesden the Phalangite (level 13, -2/168 HPs)
             Began as a Minotaur Berserker on Mar 23, 2023.
             Was the Champion of Trog.
             Succumbed to a sea snake's poison
             ... in the Dungeon (Sprint VI: "Thunderdome").
             The game lasted 00:14:07 (1981 turns).

boopmooplesden the Phalangite (Minotaur Berserker)  Turns: 1981, Time: 00:14:08

Health: -2/168     AC: 22    Str: 25 (26) XL:     13   Next: 21%
Magic:  10/10      EV: 10    Int:  6      God:    Trog [******]
Gold:   1645       SH:  0    Dex: 17      Spells: 12/12 levels left

rFire   + . .      SeeInvis +   d - +8 glaive "Dragonbane" {flame, Drain Will++}
rCold   + + +      Faith    .   (shield currently unavailable)
rNeg    + . .      Spirit   .   y - +0 gold dragon scales
rPois   +          Reflect  .   s - +0 hat of Prudence {Rampage rPois}
rElec   +          Harm     .   p - +0 cloak
rCorr   .          Rampage  +   A - +2 pair of gloves "Xeoh" {rPois Will+ Int+4 Dex-2}
Will    +++..      Rage     3%  j - -1 pair of boots of Alungivva {-Cast Fly rElec rC+++}
Stlth   .......... NoTele   +   m - amulet "Nupt" {Acrobat Str+3 Stlth-}
HPRegen 0.38/turn  NoCast   +   n - ring "Fodghar" {rN+ Dex+3}
MPRegen 0.12/turn               o - ring "Kauw" {rElec Dex+6 SInv Stlth+}

@: berserking, lethally poisoned (-2 -> -35), flying, studying Axes, very quick
A: horns 2, retaliatory headbutt, berserk 1, clumsy 1, deterioration 1, dopey 1,
frail 2, low MP 1, screaming 2, weak 1
}: 2/15 runes: decaying, barnacled
a: Renounce Religion, Berserk, Trog's Hand, Brothers in Arms


You were in the Dungeon.
You worshipped Trog.
Trog was exalted by your worship.
You visited 1 branch You collected 4650 gold pieces.
You spent 3005 gold pieces at shops.

Inventory:

Hand Weapons
 a - a +6 antimagic halberd
 c - a +7 vorpal glaive
 d - the +8 glaive "Dragonbane" (weapon) {flame, Drain Will++}
   (Trog gifted it to you in the Dungeon)

   It burns those it strikes, dealing additional fire damage.
   Big, fiery blades are also staple armaments of hydra-hunters.
   Drain:     It drains your maximum health when unequipped.
   Will:      It greatly increases your willpower.
 u - a +4 glaive of flaming
 w - a +4 vorpal trident
 x - a +4 antimagic demon trident
Armour
 b - a +0 animal skin
 j - the -1 pair of boots of Alungivva (worn) {-Cast Fly rElec rC+++}
   (You bought it in a shop in the Dungeon)

   rC:        It renders you almost immune to cold.
   rElec:     It insulates you from electricity.
   Fly:       It grants you flight.
   -Cast:     It prevents spellcasting.
 p - a +0 cloak (worn)
 q - a +1 robe of fire resistance
 r - the +2 leather armour of Meaxoz {Drain Fly rElec Int+8}
   (You bought it in a shop in the Dungeon)

   Int:       It affects your intelligence (+8).
   rElec:     It insulates you from electricity.
   Fly:       It grants you flight.
   Drain:     It drains your maximum health when unequipped.
 s - the +0 hat of Prudence (worn) {Rampage rPois}
   (You bought it in a shop in the Dungeon)

   rPois:     It protects you from poison.
   Rampage:   It bestows one free step when moving towards enemies.
 v - the +0 pair of gloves of the Fifty Artists {rC+ Int-5 Dex+7}
   (You bought it in a shop in the Dungeon)

   Int:       It affects your intelligence (-5).
   Dex:       It affects your dexterity (+7).
   rC:        It protects you from cold.
 y - +0 gold dragon scales (worn)
 A - the +2 pair of gloves "Xeoh" (worn) {rPois Will+ Int+4 Dex-2}
   (You bought it in a shop in the Dungeon)

   Int:       It affects your intelligence (+4).
   Dex:       It affects your dexterity (-2).
   rPois:     It protects you from poison.
   Will:      It increases your willpower.
Jewellery
 m - the amulet "Nupt" (around neck) {Acrobat Str+3 Stlth-}
   (You bought it in a shop in the Dungeon)

   [amulet of the acrobat]

   It increases your evasion while moving and waiting.
   Str:       It affects your strength (+3).
   Stlth:     It makes you less stealthy.
 n - the ring "Fodghar" (left hand) {rN+ Dex+3}
   (You bought it in a shop in the Dungeon)

   [ring of positive energy]

   Dex:       It affects your dexterity (+3).
   rN:        It protects you from negative energy.
 o - the ring "Kauw" (right hand) {rElec Dex+6 SInv Stlth+}
   (You bought it in a shop in the Dungeon)

   [ring of dexterity]

   Dex:       It affects your dexterity (+6).
   rElec:     It insulates you from electricity.
   SInv:      It lets you see invisible.
   Stlth:     It makes you more stealthy.
Wands
 k - a wand of roots (2)
 t - a wand of mindburst (2)
Scrolls
 h - 2 scrolls of blinking
 l - 3 scrolls of butterflies
Potions
 e - 4 potions of haste
 f - 2 potions of magic
 g - a potion of berserk rage
 i - a potion of resistance
 z - a potion of experience


   Skills:
 + Level 20.8 Fighting
 + Level 24.8 Polearms
 + Level 9.9 Armour
 + Level 12.7 Dodging
 + Level 6.3 Stealth
 + Level 7.7 Evocations


You had 12 spell levels left.
You didn't know any spells.
Your spell library was empty.

Dungeon Overview and Level Annotations

Branches:
Dungeon (1/1)

Altars:
Cheibriados
Dithmenos
Fedhas
Gozag
Kikubaaqudgha
Makhleb
Okawaru
Qazlal
Ru
Sif Muna
Trog
Uskayaw
Vehumet
Wu Jian
Xom
Yredelemnul
Zin
The Shining One
Lugonu

Shops:
D *[??*?*:[((!!!!


Innate Abilities, Weirdness & Mutations

You have a pair of horns on your head.
You reflexively headbutt those who attack you in melee.
You sometimes lose your temper in combat.
You are clumsy. (Dex -2)
Your body sometimes deteriorates upon taking damage.
You are dopey. (Int -2)
You are very frail. (-20% HP)
Your magical capacity is low. (-10% MP)
You frequently scream uncontrollably at your foes.
You are weak. (Str -2)


Message History

You feel extremely sick. The harpy claws you but does no damage.
The harpy closely misses you.
You hit the water elemental. You burn the water elemental.
The water elemental is almost destroyed.
Your lungs strain for air!
You feel extremely sick. The harpy misses you. The harpy barely misses you.
The sea snake bites you.
You are lethally poisoned!
The sea snake poisons you! The water elemental misses you.
You slash the water elemental! You burn the water elemental.
You destroy the water elemental!
Trog accepts your kill.
You gasp with relief as air once again reaches your lungs.
Your body deteriorates!
You feel weakened.
You feel extremely sick.
The sea snake bites you but does no damage.
The harpy claws you but does no damage. The harpy claws you.
* * * LOW HITPOINT WARNING * * *
You feel extremely sick. The harpy misses you. The harpy completely misses you.
The sea snake completely misses you. The harpy completely misses you.
The harpy barely misses you. The harpy attacks as you move away!
The harpy claws you but does no damage. The harpy claws you.
* * * LOW HITPOINT WARNING * * *
x2 You feel extremely sick.
The harpy closely misses you. The harpy completely misses you.
The harpy claws you.
* * * LOW HITPOINT WARNING * * *
The harpy claws you but does no damage.
Okay, then.
A red film seems to cover your vision as you go berserk!
You feel yourself moving faster!
You feel mighty!
* * * LOW HITPOINT WARNING * * *
You feel extremely sick. The sea snake closely misses you.
The harpy claws you but does no damage. x2
The sea snake bites you but does no damage.
You slice the sea snake!! You burn the sea snake!
The sea snake is severely wounded.
You die...

##..(..## ##∩.[...∩## #∩.......∩#
#_......._# #_......._#
#_......._# ###........†###
#⌠)...S......⌠#
######)8...H@.)..8.######
##.___......###)...†._._∩##
###∩.....[..8.# #)8........∩###
##...)....)....###)..).........##
#⌠....(.....###...###...)......⌠#
#⌠..........# #.<.# #..........⌠#
#⌠....)..)..###...###..))...÷÷)⌠#
##........)....###)...)).......##
###∩........8.# #)8)[......∩###


You could see a sea snake and a harpy.

Vanquished Creatures
  Ilsuiw (D)
  A deep elf sorcerer (D)
  A fire dragon (D)
  A wizard (D)
  2 ice dragons (D)
  A dancing weapon (D)
  2 sun demons (D)
  4 fire crabs (D)
  A sea snake (D)
  3 deep elf zephyrmancers (D)
  A harpy (D)
  A deep elf pyromancer (D)
  A cyclops (D)
  9 shining eyes (D)
  2 komodo dragons (D)
  4 queen bees (D)
  3 tyrant leeches (D)
  2 air elementals (D)
  2 water elementals (D)
  2 fire elementals (D)
  2 acid dragons (D)
  2 hell hounds (D)
  4 swamp drakes (D)
  An ogre (D)
  4 killer bees (D)
  6 vampire bats (D)
  A jelly (D)
  A hound (D)
  A gnoll bouda (D)
  Jessica (D)
  3 worms (D)
  A hobgoblin (D)
  A jackal (D)
  A quokka (D)
  A bat (D)
  14 kobolds (D)
  A rat (D)
89 creatures vanquished.

Vanquished Creatures (others)
  A kobold (D)
1 creature vanquished.

Grand Total: 90 creatures vanquished

Notes
Turn   | Place    | Note
-------+----------+-------------------------------------------
     0 | D        | boopmooplesden the Minotaur Berserker began the quest for
                  | the Orb.
     0 | D        | Reached XP level 1. HP: 19/19 MP: 0/0
     3 | D        | Found a bloodstained altar of Trog.
     3 | D        | Found a glowing golden altar of the Shining One.
     4 | D        | Found a shimmering blue altar of Sif Muna.
     4 | D        | Found a shadowy altar of Dithmenos.
     5 | D        | Found a glowing silver altar of Zin.
     5 | D        | Found a shimmering altar of Xom.
     5 | D        | Round 1.
     6 | D        | Found a blossoming altar of Fedhas.
     6 | D        | Found a hide-covered altar of Uskayaw.
     6 | D        | Found Xiung's Identification Station.
     7 | D        | Found Tepn's Jewellery.
     7 | D        | Found Itwy's Advanced Armour.
    15 | D        | Reached skill level 4 in Polearms
    19 | D        | Bought an ancient pewter amulet for 45 gold pieces
    19 | D        | Identified the amulet "Nupt" {Acrobat Str+3 Stlth-} (You
                  | bought it in a shop in the Dungeon)
    19 | D        | Bought a wavering brass ring for 45 gold pieces
    19 | D        | Identified the ring "Fodghar" {rN+ Dex+3} (You bought it in
                  | a shop in the Dungeon)
    19 | D        | Bought a warped bronze ring for 45 gold pieces
    19 | D        | Identified the ring "Kauw" {rElec Dex+6 SInv Stlth+} (You
                  | bought it in a shop in the Dungeon)
    33 | D        | Found an ornate altar of the Wu Jian Council.
    38 | D        | Reached ** piety under Trog
    40 | D        | Found Coapn's Premium Goods.
    42 | D        | Found Suiblut's Miscellaneous Merchandise.
    43 | D        | Found Cad Pad's Basic Armour.
    44 | D        | Found a sacrificial altar of Ru.
    44 | D        | Found an ancient bone altar of Kikubaaqudgha.
    44 | D        | Found Keys Veme's Weapon Rack.
    48 | D        | Found a stormy altar of Qazlal.
    49 | D        | Found a corrupted altar of Lugonu.
    51 | D        | Found Wiefameu's Do-It-Yourself Clinic.
    61 | D        | Found a basalt altar of Yredelemnul.
    61 | D        | Found a radiant altar of Vehumet.
    62 | D        | Found an opulent altar of Gozag.
    62 | D        | Found an iron altar of Okawaru.
    62 | D        | Found Wokhecay's Magic Scroll Shop.
    62 | D        | Found Oxeodouf's Staff Store.
    63 | D        | Found Cuny's Magic Scroll Shop.
    63 | D        | Found Delaw's Must-Have Magic.
    66 | D        | Found a burning altar of Makhleb.
    68 | D        | Found a snail-covered altar of Cheibriados.
    69 | D        | Found Jot Piz's Distillery.
    70 | D        | Found Dimomufo's Distillery.
    70 | D        | Found Xokior's Bottled Wisdom.
   151 | D        | Arena points: 12 (+12) [x2]
   171 | D        | Bought a +0 cloak for 54 gold pieces
   207 | D        | Round 2.
   233 | D        | Noticed Jessica
   236 | D        | Noticed a gnoll bouda
   240 | D        | Killed Jessica
   241 | D        | Reached skill level 5 in Fighting
   241 | D        | Reached skill level 6 in Polearms
   241 | D        | Reached XP level 2. HP: 29/29 MP: 1/1
   241 | D        | Reached XP level 3. HP: 36/36 MP: 2/2
   244 | D        | Reached *** piety under Trog
   245 | D        | Reached skill level 7 in Polearms
   259 | D        | Noticed an ogre
   262 | D        | Reached skill level 8 in Polearms
   262 | D        | Reached XP level 4. HP: 12/47 MP: 3/3
   268 | D        | Killed an ogre
   269 | D        | Reached skill level 9 in Polearms
   269 | D        | Reached XP level 5. HP: 40/56 MP: 4/4
   290 | D        | Reached skill level 10 in Polearms
   294 | D        | Reached **** piety under Trog
   294 | D        | Arena points: 54 (+42) [x3]
   351 | D        | Round 3.
   363 | D        | Reached skill level 5 in Armour
   363 | D        | Reached XP level 6. HP: 61/66 MP: 5/5
   365 | D        | Reached skill level 10 in Fighting
   365 | D        | Reached skill level 11 in Polearms
   371 | D        | Reached skill level 5 in Dodging
   385 | D        | Reached ***** piety under Trog
   386 | D        | Reached skill level 12 in Polearms
   386 | D        | Reached skill level 1 in Stealth
   396 | D        | Arena points: 138 (+84) [x4]
   424 | D        | Round 4.
   470 | D        | Received a gift from Trog
   537 | D        | Arena points: 278 (+140) [x5]
   553 | D        | Bought a polished hat for 315 gold pieces
   553 | D        | Identified the +0 hat of Prudence {Rampage rPois} (You
                  | bought it in a shop in the Dungeon)
   594 | D        | Round 5.
   598 | D        | Noticed a witch
   598 | D        | Noticed a tyrant leech
   609 | D        | Noticed a swamp drake
   617 | D        | Killed a witch
   617 | D        | Arena points: 523 (+245) [x7]
   618 | D        | Reached skill level 14 in Polearms
   618 | D        | Reached skill level 1 in Evocations
   618 | D        | Reached XP level 7. HP: 41/78 MP: 6/6
   618 | D        | Reached XP level 8. HP: 44/84 MP: 7/7
   620 | D        | Got a decaying rune of Zot
   622 | D        | Reached skill level 15 in Polearms
   622 | D        | Reached XP level 9. HP: 50/92 MP: 8/8
   639 | D        | Bought a pair of twisted boots for 332 gold pieces
   639 | D        | Identified the -1 pair of boots of Alungivva {-Cast Fly
                  | rElec rC+++} (You bought it in a shop in the Dungeon)
   788 | D        | Round 6.
   789 | D        | Noticed a queen bee
   792 | D        | Killed a queen bee
   811 | D        | Noticed a queen bee
   819 | D        | Killed a queen bee
   819 | D        | Received a gift from Trog
   832 | D        | Noticed a queen bee
   838 | D        | Killed a queen bee
   839 | D        | Reached skill level 16 in Polearms
   873 | D        | Noticed a queen bee
   881 | D        | Killed a queen bee
   886 | D        | Received a gift from Trog
   886 | D        | Arena points: 955 (+432) [x8]
   898 | D        | Bought a crude leather armour for 245 gold pieces
   898 | D        | Identified the +2 leather armour of Meaxoz {Drain Fly rElec
                  | Int+8} (You bought it in a shop in the Dungeon)
   953 | D        | Round 7.
   954 | D        | Noticed a tyrant leech
   964 | D        | Killed a tyrant leech
   965 | D        | Reached skill level 17 in Polearms
   965 | D        | Noticed a tyrant leech
   978 | D        | Noticed a tyrant leech
   988 | D        | Killed a tyrant leech
   991 | D        | Killed a tyrant leech
  1013 | D        | Arena points: 1396 (+441) [x9]
  1023 | D        | Round 8.
  1032 | D        | Reached ****** piety under Trog
  1035 | D        | Bought a pair of faintly glowing gloves for 332 gold pieces
  1035 | D        | Identified the +0 pair of gloves of the Fifty Artists {rC+
                  | Int-5 Dex+7} (You bought it in a shop in the Dungeon)
  1122 | D        | Received a gift from Trog
  1155 | D        | Arena points: 2116 (+720) [x10]
  1224 | D        | Round 9.
  1239 | D        | Paralysed by an air elemental for 1 turns
  1243 | D        | Reached XP level 10. HP: 66/104 MP: 9/9
  1248 | D        | Noticed a deep elf zephyrmancer
  1264 | D        | Killed a deep elf zephyrmancer
  1264 | D        | Received a gift from Trog
  1265 | D        | Reached skill level 15 in Fighting
  1265 | D        | Reached skill level 18 in Polearms
  1265 | D        | Reached skill level 5 in Evocations
  1273 | D        | Noticed a deep elf zephyrmancer
  1277 | D        | Killed a deep elf zephyrmancer
  1285 | D        | Noticed a deep elf sorcerer
  1295 | D        | Killed a deep elf sorcerer
  1296 | D        | Reached skill level 19 in Polearms
  1296 | D        | Reached skill level 10 in Dodging
  1297 | D        | Noticed a deep elf pyromancer
  1301 | D        | Noticed a deep elf zephyrmancer
  1302 | D        | Noticed a +3 antimagic broad axe
  1310 | D        | Killed a +3 antimagic broad axe
  1310 | D        | Received a gift from Trog
  1315 | D        | Killed a deep elf zephyrmancer
  1316 | D        | Reached skill level 20 in Polearms
  1318 | D        | Killed a deep elf pyromancer
  1318 | D        | Arena points: 3106 (+990) [x11]
  1367 | D        | Round 10.
  1380 | D        | Noticed a harpy
  1393 | D        | Killed a harpy
  1394 | D        | Reached XP level 11. HP: 86/115 MP: 10/10
  1403 | D        | Noticed a sea snake
  1411 | D        | Noticed Ilsuiw
  1416 | D        | Killed a sea snake
  1416 | D        | Received a gift from Trog
  1417 | D        | Reached skill level 21 in Polearms
  1426 | D        | Killed Ilsuiw
  1426 | D        | Arena points: 4406 (+1300) [x13]
  1431 | D        | Got a barnacled rune of Zot
  1449 | D        | Bought +0 gold dragon scales for 960 gold pieces
  1454 | D        | Lost intelligence.
  1484 | D        | Bought a pair of transparent gloves for 332 gold pieces
  1484 | D        | Identified the +2 pair of gloves "Xeoh" {rPois Will+ Int+4
                  | Dex-2} (You bought it in a shop in the Dungeon)
  1617 | D        | Round 11.
  1617 | D        | Noticed a shining eye
  1619 | D        | Gained mutation: You are frail. (-10% HP) [a shining eye]
  1625 | D        | Killed a shining eye
  1626 | D        | Reached skill level 5 in Stealth
  1634 | D        | Noticed a shining eye
  1636 | D        | Noticed a shining eye
  1636 | D        | Gained mutation: Armour fits poorly on your strangely
                  | shaped body. [a shining eye]
  1637 | D        | Noticed a shining eye
  1637 | D        | Gained mutation: You are clumsy. (Dex -2) [a shining eye]
  1639 | D        | Gained mutation: You are very frail. (-20% HP) [a shining
                  | eye]
  1640 | D        | Killed a shining eye
  1641 | D        | Reached skill level 22 in Polearms
  1642 | D        | Noticed a shining eye
  1642 | D        | Gained mutation: You occasionally shout uncontrollably at
                  | your foes. [a shining eye]
  1642 | D        | Lost mutation: Armour fits poorly on your strangely shaped
                  | body. [a shining eye]
  1644 | D        | Killed a shining eye
  1646 | D        | Gained mutation: You frequently scream uncontrollably at
                  | your foes. [a shining eye]
  1651 | D        | Killed a shining eye
  1653 | D        | Killed a shining eye
  1653 | D        | Received a gift from Trog
  1654 | D        | Noticed a shining eye
  1657 | D        | Noticed a shining eye
  1661 | D        | Killed a shining eye
  1662 | D        | Noticed a shining eye
  1662 | D        | Gained mutation: Your magical capacity is low. (-10% MP) [a
                  | shining eye]
  1666 | D        | Killed a shining eye
  1666 | D        | Gained mutation: You sometimes lose your temper in combat.
                  | [a shining eye]
  1667 | D        | Gained mutation: Your body sometimes deteriorates upon
                  | taking damage. [a shining eye]
  1669 | D        | Gained mutation: You are weak. (Str -2) [a shining eye]
  1671 | D        | Killed a shining eye
  1677 | D        | Noticed a shining eye
  1681 | D        | Gained mutation: You are dopey. (Int -2) [a shining eye]
  1682 | D        | Killed a shining eye
  1682 | D        | Arena points: 5946 (+1540) [x14]
  1683 | D        | Reached skill level 23 in Polearms
  1709 | D        | Bought a potion of experience for 300 gold pieces
  1709 | D        | Reached XP level 12. HP: 102/102 MP: 9/9
  1709 | D        | Round 12.
  1719 | D        | Identified the +8 glaive "Dragonbane" {flame, Drain Will++}
                  | (Trog gifted it to you in the Dungeon)
  1719 | D        | Received a gift from Trog
  1744 | D        | Reached skill level 24 in Polearms
  1744 | D        | Reached XP level 13. HP: 19/110 MP: 10/10
  1763 | D        | Arena points: 7926 (+1980) [x15]
  1778 | D        | Round 13.
  1793 | D        | Received a gift from Trog
  1896 | D        | Noticed a fire dragon
  1905 | D        | Killed a fire dragon
  1910 | D        | Received a gift from Trog
  1920 | D        | Arena points: 10422 (+2496) [x16]
  1960 | D        | Round 14.
  1980 | D        | HP: 1/168 [poisoned by a sea snake]
  1981 | D        | Succumbed to a sea snake's poison

Illustrated notes

Levels and vault maps discovered:
D:        arena_sprint

Skill      XL: |  1  2  3  4  5  6  7  8  9 10 11 12 13 |
---------------+----------------------------------------+-----
Fighting       | 5 7 8 9 12 14 16 18 19 20 | 20.8
Polearms       | 6 8 9 10 14 15 17 20 23 24 | 24.8
Armour         | 3 4 5 6 7 8 9 |  9.9
Dodging        | 3 4 6 7 9 11 12 | 12.7
Stealth        | 1 3 4 5 6 |  6.3
Evocations     | 1 3 4 6 7 |  7.7

Action                   |  1- 3 |  4- 6 |  7- 9 | 10-12 | 13-15 || total
-------------------------+-------+-------+-------+-------+-------++-------
Melee: Spear             |    17 |    24 |       |       |       ||    41
       Headbutt          |     4 |    10 |     6 |    27 |    16 ||    63
       Glaive            |       |     7 |    31 |    89 |    48 ||   175
Invok: Berserk           |     1 |     1 |     2 |     3 |     2 ||     9
       Trog's Hand       |       |       |       |       |     2 ||     2
Evoke: Wand              |       |     7 |     6 |       |       ||    13
  Use: Potion            |       |     1 |     2 |     2 |     2 ||     7
       Scroll            |       |     2 |       |       |       ||     2
 Stab: Distracted        |       |       |       |     1 |       ||     1
       Confused          |       |       |       |       |     1 ||     1
Armor: Animal skin       |       |     1 |       |       |       ||     1
       Robe              |       |     3 |       |       |       ||     3
       Leather armour    |       |       |     3 |     2 |       ||     5
       Gold dragon scale |       |       |       |    17 |    30 ||    47
Dodge: Dodged            |     7 |    32 |    37 |    40 |    44 ||   160
